 Dungeon Crawl Stone Soup version 0.31-a0-175-g9f7f995f2b (webtiles) character file.

Game seed: 15761659401862092360

60 qw the Chopper (level 4, -5/28 HPs)
             Began as a Gargoyle Fighter on June 16, 2023.
             Slain by a gnoll
             ... wielding a +0 flail
              (9 damage)
             ... on level 3 of the Dungeon.
             The game lasted 00:00:47 (1784 turns).

qw the Chopper (Gargoyle Fighter)                   Turns: 1784, Time: 00:00:47

Health: -5/28      AC: 12    Str: 21    XL:     4   Next: 6%
Magic:  4/4        EV:  9    Int:  9    God:
Gold:   16         SH:  4    Dex:  9    Spells: 3/3 levels left

rFire   . . .        Y - +0 war axe
rCold   . . .        c - +0 buckler
rNeg    + . .        b - +0 scale mail
rPois   inf          a - +0 helmet
rElec   +            e - +0 cloak
rCorr   .            (no gloves)
SInv    .            (no boots)
Will    .....        (no amulet) Stlth
                     (no ring)
HPRegen 0.24/turn    (no ring)
MPRegen 0.09/turn

%: no passive effects
@: no status effects
A: sickness immunity, AC +3, negative energy resistance 1, electricity
resistance, torment resistance 1, petrification resistance
a: no special abilities


You were on level 3 of the Dungeon.
You visited 1 branch of the dungeon, and saw 3 of its levels.

You collected 72 gold pieces.
You spent 56 gold pieces at shops.


Innate Abilities, Weirdness & Mutations

You are immune to sickness and miasma.
Your stone body is resilient. (AC +3)
You are immune to poison.
You resist negative energy. (rN+)
You are resistant to electric shocks. (rElec)
You are resistant to unholy torment.
You are immune to petrification.


   Skills:
 - Level 3.2 Fighting
 + Level 3.8 Axes
 - Level 3.2 Armour
 - Level 3.2 Shields


You had 3 spell levels left.
You didn't know any spells.
Your spell library was empty.

Inventory:

Hand Weapons
 h - a +1 mace of holy wrath
 Y - a +0 war axe (weapon)
Armour
 a - a +0 helmet (worn)
 b - a +0 scale mail (worn)
 c - a +0 buckler (worn)
 e - a +0 cloak (worn)
Scrolls
 f - 4 scrolls of identify
Potions
 d - 3 potions of might
 j - a potion of magic

Dungeon Overview and Level Annotations

Branches:
Dungeon (3/15)

Altars:

Shops:
D:1 [   D:3 ?


Message History

You now have 16 gold pieces (gained 10).
Found a stone staircase leading up.
Enter note:
Enter note:
Enter note: 2 gnolls come into view.
Found a flail.
The gnoll shouts! x2
A gnoll comes into view. It is wielding a +0 flail.
Enter note:
Enter note:
Enter note:
1776 ||| Stepping ~*~*~tactically~*~*~ (stealth).
The gnoll shouts!
Enter note:
Enter note:
Enter note: You hit the gnoll but do no damage.
The gnoll hits you but does no damage.
You closely miss the gnoll. The gnoll barely misses you.
The gnoll hits you with a +0 flail!
You hit the gnoll.
The gnoll is lightly wounded.
You hit the gnoll. The gnoll hits you but does no damage.
You slash the gnoll!
You kill the gnoll!
You hit the gnoll. The gnoll misses you.
You have reached level 4!
You feel clever.
You slash the gnoll!
The gnoll is almost dead.
You hit the gnoll. The gnoll hits you but does no damage.
The gnoll hits you with a +0 flail. The gnoll closely misses you.
The gnoll barely misses you.
You barely miss the gnoll.
The gnoll is almost dead.
You barely miss the gnoll. The gnoll hits you with a +0 flail! x2
You die...

#......... #........#
#........# <....$..#
######.......#
##.)...>......#
.......)g.....# #g@# #.#
###.####.## #.#
.........# ... .##.####.#
#.# #.# #.# ##+####.#####
#.# #...........# #.#
#.......#...# #.##
.......##...##########...


You could see 2 gnolls.

Vanquished Creatures
  A gnoll (D:3)
  2 dart slugs (D:1)
  5 ball pythons
  2 endoplasms
  2 giant cockroaches (D:1)
  8 goblins
  5 hobgoblins
  4 kobolds
  A quokka (D:2)
  4 bats
  7 frilled lizards
  3 rats
44 creatures vanquished.

Notes
Turn   | Place    | Note
-------+----------+-------------------------------------------
     0 | D:1      | qw the Gargoyle Fighter began the quest for the Orb.
     0 | D:1      | Reached XP level 1. HP: 14/14 MP: 1/1
     0 | D:1      | 0 ||| qw: Version: 0.2-a-29-g511e9b1
     0 | D:1      | 0 ||| qw: Game counter: 5704
     0 | D:1      | 0 ||| qw: Always use a shield: true
     0 | D:1      | 0 ||| qw: God list: Okawaru
     0 | D:1      | 0 ||| qw: Allow faded altars: false
     0 | D:1      | 0 ||| qw: Do Orc after D:15 true
     0 | D:1      | 0 ||| qw: Do second Lair branch before Depths: true
     0 | D:1      | 0 ||| qw: Lair rune preference: random
     0 | D:1      | 0 ||| qw: Plans: Normal, Zot:1-4, Slime:5, God:TSO, Crypt,
                  | Tomb, Abyss, Pan, Hells, Win
     0 | D:1      | 0 ||| PLANNING D:1-11
   152 | D:1      | 152 ||| Stepping ~*~*~tactically~*~*~ (hiding).
   223 | D:1      | Reached XP level 2. HP: 18/19 MP: 2/2
   235 | D:1      | Found Qeinuck's Antique Armour Shop.
   237 | D:1      | 237 ||| Stepping ~*~*~tactically~*~*~ (stealth).
   288 | D:1      | 288 ||| SHOPLISTING embroidered cloak (142 gold, have 9).
   327 | D:1      | Found a faded altar of an unknown god.
   463 | D:1      | 463 ||| Stepping ~*~*~tactically~*~*~ (stealth).
   627 | D:1      | Reached skill level 3 in Axes
   692 | D:1      | Reached XP level 3. HP: 23/23 MP: 3/3
   796 | D:1      | 796 ||| Stepping ~*~*~tactically~*~*~ (stealth).
   819 | D:1      | 819 ||| Stepping ~*~*~tactically~*~*~ (stealth).
   836 | D:1      | 836 ||| READING scroll labelled BAUTHERAOC.
   837 | D:1      | 837 ||| READING 2 scrolls labelled UNNINI HYCWUM.
   838 | D:1      | 838 ||| READING scroll labelled SAGAV ESIB.
   839 | D:1      | 839 ||| DRINKING 4 metallic emerald potions.
   840 | D:1      | 840 ||| DROPPING 3 potions of enlightenment.
  1054 | D:2      | 1054 ||| Stepping ~*~*~tactically~*~*~ (stealth).
  1428 | D:2      | 1428 ||| DROPPING +0 club.
  1631 | D:2      | 1631 ||| UPGRADING to +0 helmet.
  1636 | D:2      | 1636 ||| UPGRADING to +0 cloak.
  1641 | D:2      | 1641 ||| READING scroll labelled WUNGE EMEUCS.
  1642 | D:2      | 1642 ||| READING 3 scrolls of identify.
  1642 | D:2      | 1642 ||| IDENTIFYING fizzy silvery potion
  1693 | D:3      | 1693 ||| Stepping ~*~*~tactically~*~*~ (stealth).
  1711 | D:3      | 1711 ||| Stepping ~*~*~tactically~*~*~ (stealth).
  1718 | D:3      | Found Bimnipay's Magic Scroll Shoppe.
  1725 | D:3      | 1725 ||| SHOPLISTING scroll of enchant armour (105 gold,
                  | have 62).
  1725 | D:3      | 1725 ||| BUYING scroll of identify (28 gold).
  1725 | D:3      | Bought a scroll of identify for 28 gold pieces
  1725 | D:3      | 1725 ||| BUYING scroll of identify (28 gold).
  1725 | D:3      | Bought a scroll of identify for 28 gold pieces
  1725 | D:3      | 1725 ||| SHOPLISTING scroll of teleportation (42 gold, have
                  | 6).
  1776 | D:3      | 1776 ||| Stepping ~*~*~tactically~*~*~ (stealth).
  1783 | D:3      | Reached XP level 4. HP: 17/28 MP: 4/4
  1784 | D:3      | HP: 4/28 [gnoll/+0 flail (8)]
  1784 | D:3      | Slain by a gnoll

Levels and vault maps discovered:
D:1:      nicolae_arrival_somewhat_less_tricky_arrival, layout_basic,
          serial_shops, nicolae_shop_pleasant_corner_grove,
          chequers_ecumenical_altar_simple_redux, serial_forest,
          infiniplex_forest_lined_3_way, infiniplex_forest_lined_2,
          infiniplex_forest_lined_4_way, infiniplex_forest_straight_5,
          infiniplex_forest_straight_3
D:2:      layout_loops_corners
D:3:      layout_basic, mainiacjoe_overflow_catwalk_spiral,
          mainiacjoe_overflow_six_doors_small, serial_shops, shop,
          nicolae_goblin_pals

Skill      XL: |  1  2 |
---------------+-------+-----
Axes           | 2 3 |  3.8
Fighting       | |  3.2
Armour         | |  3.2
Shields        | |  3.2

Action                     |  1- 3 |  4- 6 || total
---------------------------+-------+-------++-------
  Melee: War axe           |   116 |     2 ||   118
    Use: Scroll            |     5 |       ||     5
         Potion            |     1 |       ||     1
 Armour: Scale mail        |    51 |     1 ||    52
  Dodge: Dodged            |    43 |     2 ||    45
  Block: Buckler           |    20 |       ||    20

Table legend:
 A = Non-vault XP
 B = Vault XP
 C = Vault XP percentage of total XP
 D = Non-vault monster count
 E = Vault monster count
 F = Vault count percentage of total count
                 A         B        C        D         E       F
            +---------+---------+-------+---------+---------+-------
      Total |      87 |       0 |   0.0 |      44 |       0 |   0.0
            +---------+---------+-------+---------+---------+-------
        D:1 |      47 |       0 |   0.0 |      26 |       0 |   0.0
        D:2 |      20 |       0 |   0.0 |      11 |       0 |   0.0
        D:3 |      20 |       0 |   0.0 |       7 |       0 |   0.0
            +---------+---------+-------+---------+---------+-------
